AoeStats
← Bibi-7711

Arena

508051999Analyzed
1v1 RM · 13d ago on Sep 20, 2026· 32m 43s· 2 players
Game mode
Random Map
Map size
Tiny (2 player)
Population
200
Speed
Normal
Resources
Standard
Victory
Conquest
Starting age
Dark Age
Ending age
Imperial Age
RankedLock teamsTeams togetherTeam positionsShared explorationLock speedFull tech treeHidden civsTurbo modeCheats
Victory
Defeat
🇺🇸 Burgundians · United States
746
+14
🇧🇪 Bohemians · Belgium
703
-33
Bibi-7711
14:40 Feudal Age
16:57 Double-Bit Axe
21:17 Horse Collar
24:55 Padded Archer Armor
25:09 Forging
29:31 Castle Age
29:33 Fletching
29:44 Scale Mail Armor
29:12 Man-at-Arms
31:19 Heavy Plow
31:50 Pikeman
32:31 Squires
Jukane
4:55 Double-Bit Axe
9:40 Feudal Age
8:38 Horse Collar
17:54 Castle Age
17:20 Heavy Plow
17:17 Gold Mining
20:07 Forging
20:06 Scale Barding Armor
20:49 Wheelbarrow
22:20 Iron Casting
22:06 Chain Barding Armor
23:11 Cavalier
27:02 Iron Casting
27:26 Burgundian Vineyards
29:08 Hand Cart
29:44 Husbandry
Connection lost

Rejoining the realm…

Still unreachable

The connection could not be restored.

Session expired

The server has moved on; the page needs a fresh start.